Map: Black Site 2E

Players

Greeempire

  • Race: Zerg Zerg
  • League: Diamond
  • Spawn Location: 5:00

warbunnies

  • Race: Protoss Protoss
  • Spawn Location: 3:00

HyperTurtle

  • Race: Zerg Zerg
  • League: Platinum
  • Spawn Location: 6:00

PiPuxD

  • Race: Terran Terran
  • League: Gold
  • Spawn Location: 12:00

Alebay

  • Race: Protoss Protoss
  • Spawn Location: 11:00

MattBarry

  • Race: Zerg Zerg
  • League: Gold
  • Spawn Location: 9:00

VOD

Have the link to the VOD?

Description

Time

  • Played on: Jan. 27, 2023, 11:17 p.m.
  • Length: 20:42
Show
View Real Time Build Order
Export as new Build Order

Greeempire Zerg 

Build Orders: Hatch First, Brood Lord Corruptor 

Get SALT Encoding   

  12  0:01  Drone  
  13  0:13  Overlord  
  13  0:18  Drone  
  14  0:33  Drone x2  
  16  0:51  Hatchery  
  16  0:56  Drone  
  16  0:57  Drone  
  16  1:00  Drone  
  18  1:12  Extractor  
  18  1:16  Spawning Pool  
  16  1:20  Drone  
  16  1:23  Drone  
  18  1:28  Drone  
  19  1:39  Drone  
  20  1:49  Overlord  
  20  2:03  Queen x2  
  20  2:04  Zergling x4  
  26  2:12  Metabolic Boost  
  26  2:14  Drone  
  27  2:16  Drone  
  27  2:22  Drone  
  29  2:25  Drone  
  30  2:41  Hatchery  
  29  2:46  Drone x2  
  29  2:51  Drone x2  
  33  3:01  Drone, Overlord  
  34  3:07  Baneling Nest  
  32  3:14  Drone  
  32  3:15  Drone x3  
  36  3:21  Zergling x2  
  36  3:22  Zergling x4  
  39  3:37  Drone  
  39  3:38  Drone  
  41  3:45  Drone  
  41  3:46  Drone x2  
  44  3:51  Spore Crawler  
  44  3:53  Spore Crawler  
  42  3:58  Drone  
  42  3:59  Drone x6  
  42  4:02  Baneling x2  
  49  4:04  Drone  
  49  4:27  Drone x2  
  47  4:38  Drone x3  
  50  4:46  Overlord  
  50  4:47  Overlord x2  
  50  5:02  Roach Warren, Queen, Extractor, Overlord x2  
  50  5:04  Queen  
  50  5:05  Lair  
  50  5:06  Drone x2  
  50  5:07  Drone x2  
  55  5:08  Drone x3  
  55  5:13  Extractor  
  58  5:22  Zergling x2  
  58  5:23  Zergling x8  
  63  5:55  Evolution Chamber x2  
  61  6:00  Extractor, Drone x4  
  61  6:01  Drone x3, Overlord  
  61  6:03  Drone  
  68  6:30  Drone x6  
  68  6:31  Extractor  
  73  6:33  Extractor  
  73  6:36  Hatchery  
  71  6:50  Zerg Ground Armor Level 1, Zerg Missile Weapons Level 1  
  71  6:58  Spire  
  70  7:09  Extractor  
  70  7:14  Extractor, Drone x3  
  70  7:15  Drone x3  
  74  7:16  Drone x6  
  74  7:19  Queen  
  74  7:20  Queen  
  84  7:29  Drone x2  
  87  7:30  Drone  
  87  7:37  Spore Crawler  
  87  7:40  Drone x3  
  89  7:51  Spire  
  88  7:56  Queen  
  92  8:07  Hydralisk Den  
  92  8:10  Zergling x2  
  92  8:11  Zergling x8  
  96  8:13  Overlord x2  
  96  8:14  Overlord x2  
  92  8:32  Mutalisk x13  
  116  8:45  Spore Crawler  
  116  8:47  Spore Crawler x3  
  112  8:50  Zerg Flyer Weapons Level 1  
  112  8:52  Overseer  
  112  8:53  Infestation Pit  
  111  9:07  Grooved Spines  
  85  9:32  Corruptor  
  85  9:33  Corruptor x7  
  101  9:40  Hive  
  101  9:53  Zerg Melee Weapons Level 1  
  101  10:07  Zergling x18  
  110  10:18  Muscular Augments  
  110  10:30  Hatchery  
  110  10:31  Extractor  
  110  10:32  Extractor  
  104  10:36  Zergling x16  
  104  10:37  Zergling x4  
  107  10:52  Greater Spire  
  107  10:53  Zerg Flyer Weapons Level 2  
  107  10:59  Viper x2  
  107  11:00  Viper  
  107  11:01  Zerg Ground Armor Level 2  
  107  11:04  Zergling x10  
  111  11:17  Adrenal Glands  
  111  11:25  Baneling x10  
  104  11:58  Drone x3  
  104  11:59  Drone x3  
  110  12:14  Zerg Missile Weapons Level 2  
  110  12:16  Ultralisk Cavern, Brood Lord x3  
  101  12:55  Corruptor  
  101  12:56  Corruptor x7  
  95  13:14  Brood Lord x2  
  99  13:38  Drone  
  99  13:39  Drone x7  
  99  13:40  Drone x11  
  118  13:41  Drone x2  
  118  13:45  Spore Crawler  
  118  13:46  Spore Crawler, Drone  
  118  13:47  Spine Crawler  
  118  13:49  Spine Crawler x3  
  118  13:50  Spine Crawler x4  
  118  13:51  Spine Crawler x3  
  118  13:52  Spine Crawler  
  118  13:53  Spine Crawler x2  
  118  13:54  Spine Crawler x3  
  102  13:56  Spine Crawler x3  
  102  13:57  Brood Lord, Spine Crawler x2  
  102  13:58  Brood Lord x4, Spine Crawler x3  
  102  13:59  Spine Crawler  
  102  14:01  Spine Crawler  
  102  14:07  Zergling x2  
  102  14:08  Zergling x30  
  118  14:22  Corruptor  
  120  14:31  Overlord x2  
  120  14:32  Overlord x4  
  110  15:02  Corruptor  
  110  15:03  Corruptor x5  
  122  15:32  Zergling x2  
  122  15:33  Zergling x28  
  110  15:56  Brood Lord  
  110  15:57  Brood Lord x6  
  122  16:06  Zerg Melee Weapons Level 2  
  109  16:20  Corruptor  
  109  16:21  Corruptor x2  
  115  17:08  Brood Lord x3  
  117  17:09  Corruptor x3  
  119  17:31  Hatchery  
  118  17:38  Viper  
  117  17:53  Brood Lord x2  
  101  18:26  Brood Lord  
  103  18:29  Drone x3  
  103  18:30  Drone x3  
  109  18:53  Corruptor  
  111  19:06  Extractor  
  111  19:09  Extractor  
  109  19:15  Corruptor x3  
  115  19:31  Brood Lord  
  113  19:53  Drone x2  
  113  19:54  Drone  
Show
View Real Time Build Order
Export as new Build Order

warbunnies Protoss 

Build Orders: 1 Gate Expand, Carriers 

Get SALT Encoding   

  12  0:00  Probe  
  13  0:12  Probe  
  14  0:19  Pylon  
  14  0:24  Probe  
  15  0:37  Probe  
  15  0:39  Gateway  
  16  0:49  Assimilator, Probe  
  17  1:01  Probe  
  18  1:13  Probe (Chrono Boost)  
  20  1:26  Probe (Chrono Boost)  
  20  1:33  Nexus  
  20  1:36  Pylon  
  20  1:37  Probe  
  21  1:51  Cybernetics Core  
  21  1:55  Assimilator  
  21  1:57  Probe  
  22  2:09  Probe  
  23  2:21  Probe (Chrono Boost)  
  24  2:30  Stargate  
  24  2:32  Probe (Chrono Boost)  
  24  2:34  Stalker (Chrono Boost)  
  25  3:05  Stalker (Chrono Boost)  
  27  3:19  Probe x2  
  33  3:21  Void Ray  
  33  3:25  Shield Battery  
  33  3:34  Forge  
  33  3:36  Pylon  
  33  3:43  Probe x2  
  35  3:55  Probe x2  
  37  4:07  Void Ray (Chrono Boost), Probe x2  
  43  4:21  Photon Cannon  
  43  4:22  Probe x2  
  45  4:31  Assimilator  
  45  4:34  Assimilator, Probe (Chrono Boost)  
  45  4:35  Probe (Chrono Boost)  
  47  4:38  Pylon  
  47  4:42  Stargate  
  47  4:46  Probe (Chrono Boost)  
  47  4:47  Probe (Chrono Boost)  
  49  4:55  Probe (Chrono Boost)  
  49  4:56  Probe (Chrono Boost)  
  55  5:01  Void Ray  
  55  5:02  Probe  
  55  5:04  Pylon  
  56  5:20  Probe x2  
  58  5:36  Photon Cannon  
  62  5:48  Void Ray x2  
  66  5:52  Pylon  
  66  5:53  Fleet Beacon  
  66  6:02  Photon Cannon  
  66  6:23  Nexus  
  66  6:29  Pylon  
  66  6:31  Protoss Air Weapons Level 1 (Chrono Boost)  
  66  6:33  Pylon  
  66  6:34  Probe x2  
  66  6:36  Carrier (Chrono Boost)  
  74  6:46  Probe  
  75  6:47  Carrier (Chrono Boost)  
  81  6:55  Probe  
  81  6:58  Probe  
  83  7:01  Photon Cannon  
  83  7:04  Shield Battery  
  83  7:13  Pylon  
  83  7:19  Probe x2  
  85  7:26  Photon Cannon  
  85  7:32  Probe x2  
  85  7:33  Stargate  
  87  7:38  Carrier (Chrono Boost)  
  93  7:44  Probe  
  94  8:07  Carrier (Chrono Boost)  
  94  8:08  Assimilator  
  94  8:10  Assimilator  
  104  8:26  Void Ray (Chrono Boost)  
  104  8:50  Carrier  
  110  9:02  Photon Cannon  
  110  9:07  Shield Battery  
  110  9:09  Probe x3  
  109  9:22  Carrier  
  115  9:31  Carrier  
  113  9:55  Pylon  
  113  9:56  Pylon  
  113  9:58  Pylon  
  91  10:40  Carrier (Chrono Boost)  
  91  10:42  Carrier x2 (Chrono Boost)  
  103  11:17  Protoss Shields Level 1 (Chrono Boost)  
  103  11:18  Stargate x2  
  103  11:22  Protoss Air Weapons Level 2  
  85  12:28  Carrier x4  
  85  12:29  Carrier  
  63  13:15  Probe x2  
  63  13:16  Probe  
  66  13:24  Photon Cannon  
  66  13:27  Probe  
  66  13:28  Probe x2  
  69  13:38  Carrier  
  69  13:39  Carrier x3  
  87  14:18  Carrier  
  93  14:43  Carrier  
  87  14:57  Carrier  
  87  14:58  Carrier x2  
  93  15:24  Carrier  
  99  15:47  Carrier  
  99  16:10  Carrier  
  99  16:11  Carrier x2  
  105  16:42  Carrier  
  111  16:51  Carrier  
  117  17:15  Carrier x2  
  123  17:36  Carrier  
  93  18:04  Carrier  
  99  18:26  Carrier  
  99  18:27  Tempest  
  98  19:21  Tempest x3  
Show
View Real Time Build Order
Export as new Build Order

HyperTurtle Zerg 

Build Orders: Hatch First, Lurkers 

Get SALT Encoding   

  12  0:00  Drone  
  13  0:13  Overlord  
  13  0:19  Drone  
  15  0:35  Drone x2  
  15  0:42  Drone  
  17  0:56  Hatchery  
  16  1:01  Drone  
  16  1:03  Extractor  
  16  1:05  Drone  
  17  1:19  Spawning Pool  
  17  1:22  Drone  
  17  1:38  Drone x2  
  19  1:42  Drone  
  20  1:51  Overlord  
  20  2:02  Drone  
  20  2:06  Metabolic Boost  
  21  2:10  Drone  
  22  2:26  Queen  
  22  2:29  Hatchery  
  23  2:35  Queen  
  25  2:40  Zergling x2  
  25  2:41  Zergling x2  
  27  2:47  Drone x2  
  29  2:55  Zergling x2, Drone  
  29  2:56  Drone  
  32  3:06  Queen  
  34  3:17  Drone x2, Overlord  
  36  3:30  Overlord  
  36  3:35  Drone  
  36  3:36  Roach Warren  
  36  3:45  Drone x4  
  36  3:47  Drone  
  36  3:48  Queen, Drone  
  44  3:59  Spore Crawler  
  44  4:02  Drone x3, Overlord  
  46  4:08  Evolution Chamber  
  46  4:09  Drone  
  46  4:10  Drone, Extractor  
  46  4:20  Zergling x6  
  46  4:21  Zergling x2  
  50  4:28  Roach x2  
  50  4:29  Roach  
  56  4:35  Extractor  
  56  4:36  Extractor  
  54  4:45  Zergling x6  
  56  4:49  Roach x2, Overlord  
  56  4:52  Zerg Missile Weapons Level 1  
  60  4:54  Lair  
  60  5:10  Drone x2  
  60  5:11  Drone  
  60  5:13  Drone x6  
  69  5:23  Roach  
  71  5:45  Drone  
  71  5:46  Drone  
  71  5:49  Overlord x2  
  73  5:59  Hydralisk Den, Overlord x3  
  72  6:05  Glial Reconstitution  
  72  6:07  Roach x2  
  72  6:08  Roach  
  72  6:09  Evolution Chamber  
  77  6:14  Drone  
  78  6:23  Ravager x2  
  78  6:25  Drone  
  81  6:30  Grooved Spines  
  81  6:31  Zergling x10  
  86  6:44  Hatchery  
  85  6:47  Drone x2  
  85  6:48  Drone x5  
  85  6:53  Hatchery  
  91  6:56  Burrow  
  91  6:58  Drone x3  
  91  6:59  Drone x3  
  97  7:03  Extractor  
  97  7:04  Extractor  
  95  7:09  Drone x2, Overlord  
  97  7:18  Zerg Missile Weapons Level 2  
  97  7:19  Zerg Melee Weapons Level 1  
  97  7:27  Infestation Pit  
  97  7:29  Roach  
  100  7:30  Roach x3  
  100  7:32  Drone  
  100  7:33  Drone x5  
  110  7:41  Muscular Augments  
  110  7:51  Lurker Den  
  109  7:53  Roach x4  
  109  7:56  Drone x2  
  109  7:57  Queen, Drone  
  122  7:59  Drone x2  
  122  8:00  Drone  
  124  8:17  Roach x4  
  131  8:20  Overlord  
  131  8:21  Overlord  
  119  8:31  Hydralisk x4  
  119  8:32  Hydralisk x3  
  121  8:38  Roach x3  
  103  8:44  Zergling x4  
  103  8:45  Zergling x2  
  106  8:52  Roach x2  
  110  9:04  Spine Crawler  
  110  9:05  Spine Crawler  
  110  9:06  Tunneling Claws  
  110  9:09  Hive  
  108  9:11  Lurker  
  109  9:18  Drone  
  109  9:19  Drone x7  
  109  9:20  Drone  
  118  9:31  Extractor  
  118  9:33  Extractor, Drone x3  
  118  9:36  Queen  
  118  9:37  Extractor  
  118  9:38  Extractor  
  119  9:45  Lurker  
  119  9:46  Lurker x5  
  125  9:55  Drone  
  125  9:56  Drone x2  
  128  10:16  Zergling x14  
  128  10:17  Zergling x12  
  128  10:18  Zergling x14  
  143  10:30  Adaptive Talons  
  143  10:32  Zerg Ground Armor Level 1, Zerg Missile Weapons Level 3  
  133  10:38  Ravager  
  130  10:49  Hydralisk x7  
  138  10:50  Hydralisk x3  
  150  11:08  Overlord x2  
  150  11:12  Overlord x3  
  144  11:22  Lurker x6  
  150  11:27  Seismic Spines  
  150  11:28  Overlord x5  
  150  11:29  Spine Crawler  
  149  11:38  Overseer  
  149  11:39  Overseer  
  129  12:12  Drone x2  
  131  12:17  Hydralisk x3  
  131  12:22  Roach x6  
  131  12:47  Roach  
  131  12:48  Roach x7  
  131  12:49  Roach  
  138  13:06  Zergling x4  
  138  13:07  Zergling x14  
  138  13:08  Zergling x10  
  140  13:16  Roach x7  
  140  13:17  Roach x4  
  156  13:23  Hydralisk x6, Roach x2  
  156  13:24  Hydralisk x6  
  174  13:35  Roach x6  
  174  13:36  Roach  
  173  13:54  Roach x7  
  173  13:55  Roach x4  
  162  14:08  Hydralisk x5  
  162  14:09  Zergling x4  
  154  14:10  Zergling x4  
  154  14:16  Hydralisk x2  
  152  14:21  Queen, Drone x4  
  162  14:44  Roach x17  
  154  15:00  Roach x2  
  154  15:07  Hydralisk x6  
  128  15:08  Hydralisk x5  
  111  15:22  Roach x6  
  111  15:23  Roach x3  
  121  15:29  Zergling x8  
  121  15:30  Zergling x4  
  118  15:36  Lurker  
  118  15:38  Lurker x4  
  118  15:39  Lurker x7  
  127  15:43  Hydralisk x4  
  127  15:44  Hydralisk  
  137  15:56  Roach x3  
  137  15:57  Roach x2  
  144  16:07  Hydralisk x4  
  144  16:08  Viper x4  
  160  16:21  Hydralisk x2  
  152  17:00  Hydralisk x6  
  152  17:01  Hydralisk x7  
  158  17:02  Hydralisk x2  
  158  17:13  Pathogen Glands  
  158  17:14  Infestor x2  
  158  17:15  Infestor x5  
  168  17:21  Hydralisk x3  
  156  17:28  Hydralisk x2  
  156  17:29  Hydralisk x2  
  144  17:49  Hydralisk  
  144  17:50  Hydralisk x2  
  144  17:51  Hatchery  
  149  17:54  Hydralisk x2  
  149  17:55  Hydralisk  
  152  18:03  Drone x5  
  157  18:09  Neural Parasite  
  157  18:18  Hydralisk  
  157  18:19  Hydralisk x2  
  163  18:20  Infestor x3  
  163  18:21  Infestor x3  
  175  18:31  Overlord x5  
  175  18:37  Drone  
  175  18:40  Overlord x3  
  176  18:55  Adrenal Glands  
  174  19:08  Drone x4  
  178  19:29  Lurker x6  
  178  19:30  Lurker x4  
  125  20:11  Hydralisk x2  
  125  20:12  Hydralisk x7  
  125  20:13  Hydralisk x7  
  125  20:14  Hydralisk  
  147  20:34  Extractor  
Show
View Real Time Build Order
Export as new Build Order

PiPuxD Terran 

Build Orders: 2 Factory, Reaper Expand, Mech 

Get SALT Encoding   

  12  0:00  SCV  
  13  0:12  SCV  
  14  0:18  Supply Depot  
  14  0:24  SCV  
  15  0:39  SCV  
  15  0:42  Barracks  
  16  0:45  Refinery  
  16  0:52  SCV  
  17  1:04  SCV  
  18  1:16  SCV  
  19  1:29  Orbital Command  
  19  1:30  Reaper  
  20  1:42  Command Center  
  20  1:55  SCV  
  21  2:05  Barracks Reactor  
  21  2:06  Supply Depot  
  21  2:07  SCV  
  22  2:12  Refinery  
  22  2:19  SCV  
  23  2:31  Factory, SCV  
  24  2:50  SCV  
  25  2:54  Orbital Command  
  25  3:02  SCV  
  25  3:14  SCV  
  25  3:17  Factory  
  26  3:24  SCV  
  26  3:26  SCV, Barracks Reactor  
  28  3:28  Supply Depot  
  28  3:30  Hellion x2  
  32  3:37  SCV  
  32  3:40  SCV  
  34  3:52  Hellion x2  
  34  3:54  Factory, SCV x2  
  40  3:57  Refinery  
  40  3:59  Supply Depot  
  40  4:06  SCV x2  
  42  4:14  Factory Tech Lab  
  36  4:29  SCV x2  
  38  4:37  Factory Tech Lab  
  38  4:41  SCV  
  38  4:42  SCV  
  38  4:44  Starport  
  39  4:53  SCV  
  39  4:54  Hellion, SCV, Siege Tank  
  39  4:55  Hellion  
  48  5:06  SCV  
  49  5:08  SCV  
  49  5:12  Supply Depot  
  50  5:18  SCV  
  50  5:20  SCV  
  52  5:27  Siege Tank, Hellion x2  
  59  5:30  Siege Tank  
  59  5:33  SCV x2  
  64  5:44  Engineering Bay  
  64  5:47  Viking x2  
  64  5:48  Supply Depot  
  68  5:51  Armory  
  68  5:55  SCV  
  68  5:56  SCV, Refinery  
  70  6:15  Supply Depot  
  70  6:23  SCV x2  
  70  6:25  Hellion x2  
  76  6:26  Widow Mine  
  76  6:32  Supply Depot  
  78  6:33  Supply Depot  
  78  6:36  Viking x2  
  78  6:37  Widow Mine  
  78  6:38  Terran Vehicle Weapons Level 1  
  84  6:40  Armory  
  84  6:55  SCV x2  
  86  7:19  SCV x2  
  88  7:30  Hellion x2  
  88  7:31  SCV x2, Siege Tank x2  
  88  7:33  Terran Vehicle And Ship Armor Level 1  
  100  7:38  Supply Depot x2  
  100  7:47  Command Center  
  100  7:56  Supply Depot  
  100  8:03  Infernal Pre-Igniter  
  85  8:43  Viking x2  
  85  8:45  Terran Vehicle Weapons Level 2  
  89  8:49  Thor x2  
  101  9:00  Orbital Command  
  102  9:02  SCV  
  102  9:03  SCV  
  103  9:13  Hellion x2  
  103  9:14  SCV  
  103  9:15  SCV  
  94  9:44  Hellbat, Thor x2  
  108  9:46  Hellion  
  108  9:47  Viking x2  
  114  9:54  Refinery  
  114  9:56  SCV x3  
  114  9:57  Refinery  
  117  10:06  Terran Vehicle And Ship Armor Level 2  
  117  10:08  SCV x2  
  117  10:10  Factory  
  117  10:11  Factory  
  113  10:34  Thor x2, Hellion x2  
  109  11:06  Factory Tech Lab x2  
  107  11:15  Terran Vehicle Weapons Level 3  
  107  11:18  Viking x2  
  111  11:19  Siege Tank x2  
  117  11:46  Siege Tank x2  
  123  11:58  Command Center  
  78  12:25  Thor x4  
  98  12:58  Hellion  
  98  12:59  Hellion  
  90  13:16  SCV x2  
  90  13:17  SCV  
  90  13:19  Command Center x2  
  93  13:23  Thor x4  
  117  13:28  SCV x2  
  119  13:44  Viking x2, Hellion x2  
  119  13:47  Terran Vehicle And Ship Armor Level 3  
  127  13:52  Terran Ship Weapons Level 1  
  124  14:43  Planetary Fortress  
  124  14:44  Orbital Command  
  84  15:22  Thor x4  
  108  15:28  Missile Turret  
  108  15:35  Orbital Command  
  99  16:04  Thor  
  99  16:05  Thor x3  
  123  16:14  Missile Turret  
  114  17:07  Thor x2  
  114  17:08  Thor x2  
  132  17:50  Siege Tank x2  
  132  17:51  Siege Tank  
  111  18:01  Thor  
  97  18:22  Thor  
  103  18:30  SCV x3  
  103  18:31  Thor x2  
  118  19:11  Thor x2  
  125  19:49  Thor x2  
Show
View Real Time Build Order
Export as new Build Order

Alebay Protoss 

Build Orders: 1 Gate Expand 

Get SALT Encoding   

  12  0:00  Probe  
  13  0:12  Probe  
  14  0:18  Pylon  
  14  0:24  Probe  
  15  0:36  Probe  
  15  0:40  Gateway  
  16  0:45  Assimilator  
  16  0:48  Probe  
  17  1:01  Probe  
  18  1:13  Probe  
  19  1:25  Probe  
  20  1:29  Cybernetics Core  
  20  1:36  Nexus  
  20  1:39  Probe  
  21  1:51  Assimilator  
  21  1:53  Pylon  
  21  1:56  Probe  
  22  2:06  Warp Gate (Chrono Boost)  
  22  2:08  Probe  
  23  2:16  Adept  
  23  2:20  Probe  
  26  2:33  Gateway  
  26  2:34  Pylon  
  26  2:36  Probe  
  27  2:46  Stalker  
  27  2:48  Probe  
  27  2:49  Probe  
  31  3:00  Probe  
  31  3:01  Probe  
  33  3:12  Robotics Facility  
  33  3:15  Probe x2  
  35  3:23  Pylon  
  35  3:28  Probe x2  
  35  3:32  Stalker  
  35  3:33  Stalker  
  41  3:41  Pylon, Probe  
  42  3:42  Probe  
  43  3:59  Immortal  
  43  4:01  Probe x2  
  49  4:06  Assimilator  
  49  4:07  Assimilator  
  49  4:15  Gateway, Stalker  
  51  4:34  Stalker  
  51  4:36  Probe x2  
  55  4:42  Immortal  
  59  4:46  Stalker  
  61  4:54  Twilight Council  
  61  4:56  Forge  
  61  4:57  Probe x2  
  63  5:04  Stalker  
  65  5:09  Probe x2  
  65  5:10  Stalker  
  69  5:16  Pylon, Blink (Chrono Boost)  
  69  5:17  Pylon  
  69  5:21  Probe  
  70  5:34  Immortal, Nexus  
  74  5:35  Protoss Ground Weapons Level 1 (Chrono Boost)  
  74  5:44  Stalker x2  
  78  5:51  Pylon  
  78  6:02  Pylon  
  78  6:05  Stalker  
  78  6:08  Stalker x2  
  84  6:22  Gateway  
  84  6:23  Gateway  
  84  6:31  Stalker x3  
  90  6:39  Immortal  
  94  6:45  Probe x2  
  94  6:46  Probe  
  97  7:02  Probe  
  97  7:03  Probe x2  
  100  7:11  Stalker x3  
  106  7:17  Protoss Ground Armor Level 1 (Chrono Boost)  
  106  7:20  Probe x2  
  106  7:21  Probe  
  109  7:32  Probe  
  109  7:33  Probe x2  
  109  7:34  Immortal  
  109  7:36  Pylon  
  116  7:37  Pylon  
  116  7:40  Assimilator  
  116  7:42  Assimilator  
  116  7:45  Pylon, Probe  
  116  7:48  Pylon  
  117  7:54  Probe  
  117  7:55  Probe  
  117  7:57  Probe  
  120  8:01  Stalker x4  
  124  8:49  Stalker x3  
  124  8:50  Stalker x2  
  124  8:55  Pylon  
  134  8:57  Pylon  
  134  8:58  Pylon  
  134  9:00  Pylon  
  82  9:33  Stalker x5  
  82  9:38  Gateway  
  92  9:40  Gateway  
  92  9:44  Protoss Ground Weapons Level 2 (Chrono Boost)  
  92  9:46  Gateway  
  92  9:47  Gateway  
  92  9:49  Gateway  
  92  9:51  Gateway  
  92  10:00  Stalker x5  
  82  10:47  Stalker x5  
  82  10:48  Stalker x6  
  100  10:54  Forge  
  94  11:21  Stalker x2  
  94  11:22  Stalker x5  
  94  11:23  Stalker x4  
  108  12:10  Stalker  
  108  12:11  Stalker x6  
  108  12:12  Stalker x3  
  122  12:52  Stalker x2  
  122  12:53  Stalker x4  
  122  12:55  Stalker x4  
  120  13:19  Stalker x4  
  126  13:20  Stalker x7  
  126  13:21  Protoss Ground Weapons Level 3 (Chrono Boost), Protoss Ground Armor Level 2 (Chrono Boost)  
  140  13:43  Stalker  
  140  13:44  Stalker x7  
  138  14:16  Stalker x5  
  136  14:17  Stalker x2  
  136  14:22  Observer  
  141  14:37  Charge (Chrono Boost)  
  133  15:21  Zealot x3  
  133  15:22  Zealot x8  
  139  16:11  Zealot x2  
  139  16:12  Zealot x6  
  139  16:13  Zealot x3  
  125  16:38  Zealot  
  125  16:39  Zealot x7  
  115  16:40  Zealot x3  
  105  17:00  Stalker x4  
  105  17:01  Stalker x7  
  69  17:52  Zealot x4  
  69  17:53  Stalker x7  
  71  18:26  Stalker x4  
  71  18:27  Stalker x2  
  83  19:01  Nexus  
  64  20:17  Stalker x5  
  64  20:18  Stalker x4  
Show
View Real Time Build Order
Export as new Build Order

MattBarry Zerg 

Build Orders: Hatch First, Roach Hydra 

Get SALT Encoding   

  12  0:00  Drone  
  13  0:17  Overlord  
  13  0:25  Drone  
  14  0:36  Drone x2  
  16  0:58  Hatchery  
  16  1:02  Drone  
  16  1:05  Drone  
  16  1:07  Drone  
  16  1:10  Extractor  
  17  1:27  Spawning Pool  
  17  1:29  Drone  
  17  1:31  Drone  
  18  1:38  Drone  
  19  1:46  Overlord  
  19  2:01  Drone  
  20  2:10  Drone  
  21  2:16  Queen  
  21  2:17  Queen  
  21  2:19  Zergling x4  
  27  2:25  Metabolic Boost  
  27  2:31  Drone  
  27  2:34  Drone  
  29  2:40  Drone  
  29  2:41  Drone  
  31  2:44  Drone  
  32  3:02  Drone x3  
  35  3:05  Overlord  
  35  3:15  Queen, Extractor  
  34  3:42  Drone x6  
  34  3:43  Drone  
  41  4:01  Drone x3  
  44  4:04  Hatchery  
  44  4:05  Drone, Overlord  
  44  4:06  Overlord x2  
  44  4:10  Lair  
  44  4:29  Zergling x10  
  44  4:30  Zergling x2  
  50  4:38  Pneumatized Carapace  
  50  4:43  Zergling x2, Drone  
  50  4:44  Zergling x4, Roach Warren  
  53  5:04  Drone x6  
  59  5:08  Spore Crawler  
  59  5:11  Spore Crawler  
  57  5:19  Queen  
  57  5:20  Drone x3  
  57  5:21  Queen, Drone x3  
  65  5:26  Drone  
  67  5:35  Extractor  
  61  5:44  Roach  
  61  5:45  Roach x5  
  61  5:46  Overlord x3  
  73  5:53  Evolution Chamber  
  73  5:55  Evolution Chamber  
  73  5:56  Extractor  
  70  5:59  Extractor  
  70  6:00  Extractor, Drone x4  
  72  6:08  Drone x5  
  72  6:09  Drone  
  78  6:22  Drone x5  
  83  6:28  Zerg Missile Weapons Level 1  
  83  6:29  Zerg Ground Armor Level 1  
  83  6:32  Glial Reconstitution  
  83  6:33  Hydralisk Den  
  82  6:41  Drone x2  
  82  6:42  Drone x4  
  88  6:56  Evolution Chamber  
  87  7:09  Overlord x3  
  87  7:11  Roach x5  
  87  7:14  Grooved Spines  
  97  7:23  Zerg Melee Weapons Level 1  
  97  7:25  Drone  
  96  7:59  Zergling x12  
  96  8:00  Zergling x28  
  116  8:17  Hatchery  
  114  8:20  Overlord x4  
  114  8:25  Muscular Augments  
  114  8:33  Hydralisk  
  102  8:34  Hydralisk x9  
  102  8:35  Spire  
  106  9:07  Hydralisk x6  
  106  9:08  Hydralisk x7  
  106  9:09  Zerg Missile Weapons Level 2  
  132  9:11  Zerg Ground Armor Level 2  
  132  9:24  Hydralisk  
  132  9:25  Hydralisk x6  
  132  9:26  Hydralisk  
  140  9:56  Corruptor x4  
  140  9:57  Corruptor x6  
  137  10:24  Hydralisk x3  
  137  10:25  Hydralisk x4  
  121  10:36  Hydralisk  
  121  10:40  Zergling x4  
  121  10:41  Zergling x16  
  105  11:08  Corruptor  
  105  11:09  Corruptor x6  
  119  11:14  Zerg Flyer Weapons Level 1  
  113  11:44  Corruptor  
  113  11:45  Corruptor x4  
  121  11:49  Zergling x2  
  121  11:50  Zergling x22  
  113  12:17  Spire  
  112  12:24  Infestation Pit  
  85  12:48  Corruptor  
  85  12:49  Corruptor x7  
  85  12:53  Zergling x2  
  85  12:54  Zergling x30  
  101  13:18  Hatchery  
  100  13:20  Zerg Melee Weapons Level 2  
  84  14:04  Hydralisk, Hive  
  84  14:05  Hydralisk x9  
  84  14:07  Zergling x2, Drone  
  84  14:08  Zergling x48  
  84  14:09  Zergling x10  
  135  14:19  Zergling x4  
  131  14:35  Corruptor x8  
  131  14:36  Corruptor  
  148  14:42  Overseer x2  
  141  15:05  Hydralisk x7  
  141  15:06  Hydralisk  
  142  15:20  Zergling x16  
  135  15:51  Corruptor x4  
  119  16:12  Corruptor x2  
  119  16:13  Corruptor  
  119  16:14  Zergling x6  
  114  16:27  Corruptor x5  
  124  16:39  Corruptor  
  107  16:43  Hydralisk x2  
  105  16:50  Hatchery  
  104  16:55  Hydralisk x3  
  110  17:08  Greater Spire  
  106  17:16  Zergling x8  
  106  17:17  Zergling x28  
  100  17:51  Corruptor x2  
  100  17:52  Corruptor x3  
  89  18:03  Zergling x2  
  89  18:04  Zergling x12  
  85  18:13  Extractor  
  85  18:14  Extractor  
  83  18:23  Queen  
  85  18:31  Zerg Flyer Armor Level 1  
  85  18:38  Corruptor  
  85  18:39  Corruptor  
  83  18:56  Zergling x6  
  59  19:42  Hydralisk x4, Zergling x2  
Tags
 
Add a new tag
Caveats
  • Supply blocks, unpowered buildings, or Contaminate may cause inaccurate times.
  • Supply counts are checked every 10 seconds.